 Dungeon Crawl Stone Soup version 0.29.1-4-g47bece8355 (webtiles) character file.

Game seed: 12250265412636729053

289 GigaChad the Chopper (level 6, 0/53 HPs)
             Began as a Minotaur Fighter on Dec 7, 2022.
             Slain by a lemure (6 damage)
             ... led by Pikel
             ... on level 4 of the Dungeon.
             The game lasted 00:04:32 (3231 turns).

GigaChad the Chopper (Minotaur Fighter)             Turns: 3231, Time: 00:04:33

Health: 0/53       AC:  7    Str: 22    XL:     6   Next: 9%
Magic:  5/5        EV:  9    Int:  5    God:
Gold:   133        SH:  9    Dex: 10    Spells: 5/5 levels left

rFire   . . .      SeeInvis .   a - +0 war axe
rCold   . . .      Faith    .   c - +0 buckler
rNeg    . . .      Spirit   .   b - +0 scale mail
rPois   .          Reflect  +   (helmet restricted)
rElec   .          Harm     .   (no cloak)
rCorr   .          Rampage  .   (no gloves)
Will    .....                   (no boots)
Stlth   ..........              l - amulet of reflection
HPRegen 0.17/turn               (no ring)
MPRegen 0.09/turn               (no ring)

@: no status effects
A: horns 2, retaliatory headbutt
a: no special abilities


You were on level 4 of the Dungeon.
You visited 1 branch of the dungeon, and saw 4 of its levels.

You collected 133 gold pieces.

Inventory:

Hand Weapons
 a - a +0 war axe (weapon)
Armour
 b - a +0 scale mail (worn)
 c - a +0 buckler (worn)
Jewellery
 l - an amulet of reflection (around neck)
Scrolls
 e - 4 scrolls of identify {unknown}
 g - 3 scrolls of noise
 h - a scroll of acquirement {unknown}
 k - 2 scrolls of fog {unknown}
 m - a scroll of immolation {unknown}
 o - a scroll of fear {unknown}
 p - a scroll of teleportation {unknown}
Potions
 d - a potion of might
 f - a potion of magic {unknown}
 i - 2 potions of resistance {unknown}
 j - a potion of haste {unknown}
 n - a potion of invisibility {unknown}
 q - a potion of heal wounds
 r - a potion of degeneration {unknown}


   Skills:
 + Level 4.6 Fighting
 + Level 5.5 Axes
 + Level 5.0 Armour
 - Level 1.0 Dodging
 - Level 0.1 Stealth
 * Level 4.4 Shields


You had 5 spell levels left.
You didn't know any spells.
Your spell library contained the following spells:

 Spells                   Type           Power      Damage    Failure   Level
 Beastly Appendage        Tmut           0%         N/A       86%         1
 Wereblood                Tmut           0%         N/A       95%         2
 Spider Form              Tmut/Pois      0%         N/A       99%         3


Dungeon Overview and Level Annotations

Branches:
Dungeon (4/15)
 Temple: D:4-7

Altars:

Annotations:
D:4 Pikel


Innate Abilities, Weirdness & Mutations

You have a pair of horns on your head.
You reflexively headbutt those who attack you in melee.


Message History

You closely miss the lemure. x2; The lemure closely misses you.
You block the lemure's attack.
Pikel hits you with a +1 whip of freezing.
Pikel freezes you. The lemure hits you but does no damage.
You block the lemure's attack. x2; The lemure hits you.
The lemure closely misses you. Pikel closely misses you.
The lemure hits you but does no damage.
You barely miss Pikel.
Pikel is moderately wounded.
You closely miss the lemure. x2; You barely miss the lemure. x2
You block the lemure's attack. You block Pikel's attack.
The lemure closely misses you. You furiously retaliate!
You headbutt the lemure. The lemure hits you but does no damage.
The lemure hits you.
You hit Pikel but do no damage. Your headbutt misses Pikel.
Pikel is moderately wounded.
You hit the lemure but do no damage. You closely miss the lemure.
You hit the lemure but do no damage. You slash the lemure!
You block Pikel's attack. The lemure hits you!
* * * LOW HITPOINT WARNING * * *
The lemure hits you.
* * * LOW HITPOINT WARNING * * *
The lemure hits you but does no damage. x2
You hit Pikel but do no damage.
Pikel is moderately wounded.
You closely miss the lemure. You hit the lemure. x2
You closely miss the lemure. You block Pikel's attack.
The lemure hits you but does no damage. You block the lemure's attack.
The lemure hits you but does no damage. The lemure hits you.
* * * LOW HITPOINT WARNING * * *
You hit Pikel. You headbutt Pikel, but do no damage.
Pikel is moderately wounded.
You hit the lemure. You closely miss the lemure.
You hit the lemure but do no damage. You hit the lemure.
You kill the lemure!
That felt strangely unrewarding.
The lemure barely misses you. The lemure closely misses you.
You block Pikel's attack. The lemure hits you but does no damage.
You block the lemure's attack. The lemure hits you.
You die...

.........................
.........................
.........................
.........................
<.......................>
.........................
.........................
....##########...##+####.
....# #.K@# ....#
......555....# ....#
.............# ....+
.............# ....#
.............# ....#
...##...##...# ..... ...
###+# ...# ....# .. ...#
....#


You could see Pikel and 3 lemures.

Vanquished Creatures
  Sigmund (D:2)
  A lemure (D:4)
  Robin (D:2)
  4 adders
  An ufetubus (D:4)
  3 worms
  2 dart slugs
  An orc (D:3)
  6 ball pythons
  3 bats
  3 endoplasms
  3 giant cockroaches
  10 goblins
  4 hobgoblins
  3 jackals (D:3)
  3 quokkas
  2 frilled lizards (D:2)
  8 kobolds
  6 rats (D:3)
65 creatures vanquished.

Vanquished Creatures (others)
  An orc (D:4)
1 creature vanquished.

Grand Total: 66 creatures vanquished

Notes
Turn   | Place    | Note
-------+----------+-------------------------------------------
     0 | D:1      | GigaChad the Minotaur Fighter began the quest for the Orb.
     0 | D:1      | Reached XP level 1. HP: 19/19 MP: 0/0
   155 | D:1      | Reached XP level 2. HP: 27/27 MP: 1/1
   915 | D:2      | Reached XP level 3. HP: 33/33 MP: 2/2
  1246 | D:2      | Noticed Robin
  1256 | D:2      | Killed Robin
  1496 | D:2      | Reached XP level 4. HP: 39/40 MP: 3/3
  1505 | D:2      | Noticed Sigmund
  1520 | D:2      | Killed Sigmund
  1521 | D:2      | Reached skill level 5 in Axes
  1521 | D:2      | Reached skill level 1 in Dodging
  1521 | D:2      | Reached XP level 5. HP: 17/47 MP: 4/4
  2492 | D:3      | Reached XP level 6. HP: 33/53 MP: 5/5
  2793 | D:3      | Found a faded altar of an unknown god.
  3216 | D:4      | Noticed Pikel
  3223 | D:4      | Reached skill level 5 in Armour
  3231 | D:4      | Slain by a lemure

Illustrated notes

Levels and vault maps discovered:
D:1:      tarquinn_simple_flora_water_c, layout_loops_ring,
          minmay_misc_feat_enclosed
D:2:      minmay_door_path, layout_basic, uniq_robin, uniq_sigmund
D:3:      layout_loops_cross, ebering_ecumenical_altar_sacrificial
D:4:      layout_gridville, minmay_temple_entry_arrows, lemuel_flame_loot_1,
          uniq_pikel

Skill      XL: |  1  2  3  4  5  6 |
---------------+-------------------+-----
Shields        | 4 |  4.4
Axes           | 3 4 5 |  5.5
Fighting       | 4 |  4.6
Armour         | 4 5 |  5.0
Dodging        | 1 |  1.0
Stealth        | |  0.1

Action                   |  1- 3 |  4- 6 || total
-------------------------+-------+-------++-------
Melee: War axe           |    71 |    66 ||   137
       Headbutt          |    10 |    11 ||    21
  Use: Scroll            |     1 |       ||     1
Armor: Scale mail        |    39 |    48 ||    87
Dodge: Dodged            |    30 |    38 ||    68
Block: Buckler           |    18 |    32 ||    50
